 Dungeon Crawl Stone Soup version 0.30-a0-1163-gf69bf04e7a (webtiles) character file.

Game seed: 3106395899322602869

1830 freelancePsychic the Trooper (level 8, -7/67 HPs)
             Began as a Demonspawn Monk on Apr 28, 2023.
             Was an Elder of Vehumet.
             Killed from afar by a hell hound (11 damage)
             ... with a blast of flame
             ... on level 8 of the Dungeon.
             The game lasted 00:08:21 (6153 turns).

freelancePsychic the Trooper (Demonspawn Monk)      Turns: 6153, Time: 00:08:22

Health: -7/67      AC:  9    Str: 14    XL:     8   Next: 86%
Magic:  12/12      EV: 12    Int: 12    God:    Vehumet [****..]
Gold:   452        SH:  0    Dex: 15    Spells: 6/13 levels left

rFire   . . .        p - +1 dagger (distort)
rCold   . . .        d - orb {light}
rNeg    . . .        o - +0 leather armour
rPois   .            l - +2 helmet
rElec   .            (no cloak)
rCorr   .            (no gloves)
SInv    .            (no boots)
Will    .....        (no amulet)
Stlth   +            (no ring)
HPRegen 0.31/turn    (no ring)
MPRegen 0.13/turn

%: no passive effects
@: glowing
A: thin metallic scales 2, demonic guardian 1
a: Renounce Religion


You were on level 8 of the Dungeon.
You worshipped Vehumet.
Vehumet was greatly pleased with you.
You visited 1 branch of the dungeon, and saw 8 of its levels.
You also visited: Sewer.

You collected 452 gold pieces.

Inventory:

Hand Weapons
 p - a +1 dagger of distortion (weapon)
Armour
 b - a +0 robe
 d - an orb of light (worn)
 l - a +2 helmet (worn)
 o - a +0 leather armour (worn)
Jewellery
 f - an amulet of guardian spirit
 h - a +6 ring of intelligence
 r - a ring of protection from fire
 x - a ring of resist corrosion
Wands
 B - a wand of quicksilver (5)
 D - a wand of polymorph (6)
 E - a wand of flame (10)
Scrolls
 e - 2 scrolls of poison
 g - a scroll of blinking
 k - 3 scrolls of enchant armour
 s - a scroll of vulnerability
 t - a scroll of enchant weapon
 z - 2 scrolls of teleportation {@r4}
 A - a scroll of noise
Potions
 a - 4 potions of flight
 c - 2 potions of heal wounds {@q2}
 i - 4 potions of curing {unknown}
 j - a potion of magic {unknown}
 m - 2 potions of brilliance {unknown}
 n - 3 potions of haste {unknown}
 q - 2 potions of invisibility {unknown}
 u - 4 potions of mutation {unknown}
 v - a potion of lignification {unknown}
 w - a potion of berserk rage {unknown}


   Skills:
 + Level 7.0 Fighting
 - Level 1.1 Short Blades
 - Level 3.6 Axes
 - Level 2.6 Dodging
 - Level 3.0 Spellcasting
 + Level 4.1 Conjurations
 - Level 4.4 Fire Magic
 + Level 4.1 Air Magic


You had 6 spell levels left.
You knew the following spells:

 Your Spells              Type           Power      Damage    Failure   Level
a - Scorch                Fire           24%        2d6       2%          2
b - Arcjolt               Conj/Air       5%         1d15      36%         5

Your spell library contained the following spells:

 Spells                   Type           Power      Damage    Failure   Level
 Necrotise                Necr           4%         1d4       30%         1
 Ozocubu's Armour         Ice            1%         N/A       67%         3
 Vampiric Draining        Necr           1%         2d6       67%         3
 Cause Fear               Hex            0%         N/A       97%         4
 Agony                    Necr           1%         N/A       100%        5
 Dragon Form              Tmut           0%         N/A       100%        7
 Ozocubu's Refrigeration  Ice            0%         4d7       100%        7
 Dragon's Call            Summ           0%         N/A       100%        9


Dungeon Overview and Level Annotations

Branches:
Dungeon (8/15)             Temple (0/1) D:7           Sewer (visited)
   Lair: D:8-11

Altars:
Sif Muna
Vehumet
Yredelemnul

Shops:
D:4 [

Annotations:
D:6 exclusion: statue


Innate Abilities, Weirdness & Mutations

You are mostly covered in thin metallic scales. (AC +3)
A weak demonic guardian rushes to your aid.


Message History

2 lava snakes, 3 fire vortices and 2 fire bats come into view.
The lava snake hisses angrily. x2
Your quasit disappears in a puff of smoke!
The water moccasin barely misses you. The fire bat bites you.
You are engulfed in flames!
* * * LOW HITPOINT WARNING * * *
There is an open door here.
Things that are here:
a +0 dagger; a +0 robe; an orc corpse You barely miss the fire bat.
The fire bat closely misses you. The water moccasin misses you.
The water moccasin bites you.
* * * LOW HITPOINT WARNING * * *
The orc wizard hits you but does no damage.
The fire bat closely misses you.
Unknown command.
Casting: Scorch (safe; 2% risk of failure)
Confirm with . or Enter, or press ? or * to list all spells.
You don't know that spell.
You barely miss the fire bat. The hell hound breathes flames at you.
The blast of flame hits the fire bat.
The fire bat completely resists.
The blast of flame hits the fire bat.
The fire bat completely resists.
The blast of flame hits you!
* * * LOW HITPOINT WARNING * * *
The fire bat bites you but does no damage.
The water moccasin bites you.
* * * LOW HITPOINT WARNING * * *
The orc priest looks braver for a moment.
The orc wizard hits you but does no damage.
You hit the fire bat.
The fire bat is lightly wounded.
The fire bat blinks!
The fire bat barely misses you. The water moccasin closely misses you.
The fire bat bites you but does no damage.
The hell hound breathes flames at you.
The blast of flame hits the fire vortex.
The fire vortex completely resists.
The blast of flame hits the fire bat.
The fire bat completely resists.
The blast of flame hits the fire bat.
The fire bat completely resists.
The blast of flame hits you!
You die...

#.....# .S##..≈#####.#
S:#..≈. #.# . ##...≈. #.# ..
#.§h≈≈. ##.## ..# ..v≈v≈.
#...# #.. v≈≈≈≈bb #...##
.##.## ≈....bb####....###
.o.... ########@##.......#
......###..oo..So##.#...#.##
.........##.....##.........#
##.##.##.##.....##..)......#
.o. #...o....##..).<....#
.§..# #..#####.###.#)..#.##
§§§≈. #..#####o###.......#
§§.≈. ....##............###
##.§ ####.##.##.#########


You could see 3 fire vortices, a water moccasin, a hell hound (catching breath),
4 fire bats, 2 lava snakes, an orc priest, an orc wizard (invisible) and 3 orcs.

Vanquished Creatures
  Menkaure (D:6)
  Edmund (D:6)
  A water moccasin (D:6)
  A black bear (D:4)
  An ice beast (D:7)
  A centaur (D:6)
  2 kobold brigands (Sewer)
  A bullfrog (D:7)
  5 scorpions
  A jelly (D:6)
  3 hounds
  A sleepcap (D:5)
  4 orc priests
  An iguana (D:7)
  5 orc wizards
  A hell rat (D:8)
  5 adders
  3 river rats
  A shadow imp (D:7)
  A white imp (D:5)
  A dart slug (D:1)
  13 orcs
  5 ball pythons
  5 endoplasms
  6 giant cockroaches
  7 goblins
  7 hobgoblins
  5 jackals
  12 kobolds
  9 quokkas
  5 bats
  A frilled lizard (D:3)
  4 rats
120 creatures vanquished.

Vanquished Creatures (collateral kills)
  An orc warrior (D:7)
1 creature vanquished.

Grand Total: 121 creatures vanquished

Notes
Turn   | Place    | Note
-------+----------+-------------------------------------------
     0 | D:1      | freelancePsychic the Demonspawn Monk began the quest for
                  | the Orb.
     0 | D:1      | Reached XP level 1. HP: 18/18 MP: 1/1
   197 | D:1      | Gained mutation: You are partially covered in thin metallic
                  | scales. (AC +2) [demonic ancestry]
   197 | D:1      | Reached XP level 2. HP: 22/24 MP: 2/2
   396 | D:1      | Found Yhoda's Book Shop.
   920 | D:2      | Reached XP level 3. HP: 27/29 MP: 3/3
  1198 | D:2      | Reached skill level 1 in Short Blades
  1205 | D:2      | Found a faded altar of an unknown god.
  1352 | D:2      | Prayed at the altar of an unknown god.
  1352 | D:2      | Became a worshipper of Vehumet
  1352 | D:2      | Reached * piety under Vehumet
  1352 | D:2      | Offered knowledge of Freeze by Vehumet.
  1352 | D:2      | Reached ** piety under Vehumet
  1555 | D:2      | Offered knowledge of Scorch by Vehumet.
  1559 | D:2      | Learned a level 2 spell: Scorch
  1802 | D:3      | Offered knowledge of Ignite Poison by Vehumet.
  1803 | D:3      | Gained mutation: A weak demonic guardian rushes to your
                  | aid. [demonic ancestry]
  1803 | D:3      | Reached XP level 4. HP: 36/37 MP: 4/4
  1808 | D:3      | Reached *** piety under Vehumet
  1814 | D:3      | Found a glowing drain.
  1822 | Sewer    | Entered a sewer
  1835 | Sewer    | Reached skill level 1 in Fire Magic
  1918 | Sewer    | Noticed a kobold brigand
  1925 | Sewer    | Noticed a kobold brigand
  1946 | Sewer    | Killed a kobold brigand
  1946 | Sewer    | Offered knowledge of Inner Flame by Vehumet.
  1947 | Sewer    | Reached skill level 4 in Fighting
  1947 | Sewer    | Reached XP level 5. HP: 21/42 MP: 5/5
  2524 | D:3      | Found a basalt altar of Yredelemnul.
  2848 | D:4      | Reached XP level 6. HP: 49/49 MP: 1/6
  3013 | D:4      | Reached skill level 1 in Spellcasting
  3077 | D:4      | Found Mafroul's Antique Armour Boutique.
  3247 | D:5      | Entered Level 5 of the Dungeon
  3473 | D:5      | Reached skill level 5 in Fighting
  3480 | D:5      | Reached XP level 7. HP: 35/56 MP: 9/9
  3483 | D:5      | Reached **** piety under Vehumet
  3671 | D:5      | Offered knowledge of Arcjolt by Vehumet.
  4036 | D:4      | Learned a level 5 spell: Arcjolt
  4196 | D:6      | Noticed Edmund
  4226 | D:6      | Killed Edmund
  4227 | D:6      | Reached skill level 1 in Air Magic
  4397 | D:6      | Reached skill level 1 in Conjurations
  4413 | D:6      | Gained mutation: You are mostly covered in thin metallic
                  | scales. (AC +3) [demonic ancestry]
  4413 | D:6      | Reached XP level 8. HP: 28/64 MP: 2/12
  4731 | D:6      | Noticed Menkaure
  4736 | D:6      | Killed Menkaure
  4737 | D:6      | Reached skill level 6 in Fighting
  5059 | D:6      | Found a radiant altar of Vehumet.
  5759 | D:7      | Found a staircase to the Ecumenical Temple.
  5908 | D:7      | Found a shimmering blue altar of Sif Muna.
  5949 | D:8      | Noticed a death yak
  6016 | D:8      | Noticed a death yak
  6053 | D:8      | Reached skill level 7 in Fighting
  6153 | D:8      | Killed from afar by a hell hound

Illustrated notes

Levels and vault maps discovered:
D:1:      dpeg_arrival_windows_large_door, layout_basic, serial_shops, shop,
          minivault_4, palyth_stone_intersect
D:2:      layout_loops_ring, ebering_ecumenical_altar_abandoned
D:3:      layout_basic, nicolae_overflow_crystal_walls, portal_sewer_entry_e,
          minmay_misc_feat_secret_circle, dreamdust_princess_corridor
D:4:      layout_basic, serial_shops, shop
D:5:      layout_basic
D:6:      layout_loops_ring, vehumet_statue, uniq_edmund, uniq_menkaure
D:7:      layout_basic, elyvilon_altar_3, mainiacjoe_overflow_alcove_1,
          temple_statues
D:8:      layout_loops_cross, mainiacjoe_overflow_brackets, dpeg_lair_monsters,
          hangedman_incinerator

Skill      XL: |  1  2  3  4  5  6  7  8 |
---------------+-------------------------+-----
Axes           | 3 |  3.6
Short Blades   | 1 |  1.1
Fire Magic     | 2 3 4 |  4.4
Fighting       | 4 5 7 |  7.0
Spellcasting   | 1 3 |  3.0
Air Magic      | 2 4 |  4.1
Conjurations   | 1 4 |  4.1
Dodging        | |  2.6

Action                     |  1- 3 |  4- 6 |  7- 9 || total
---------------------------+-------+-------+-------++-------
  Melee: Hand axe          |    64 |       |       ||    64
         Dagger            |    22 |   116 |    82 ||   220
   Cast: Scorch            |       |    16 |    45 ||    61
    Use: Scroll            |     5 |     2 |     5 ||    12
         Potion            |       |     2 |     2 ||     4
   Stab: Distracted        |     1 |       |       ||     1
         Fleeing           |       |       |     1 ||     1
 Armour: Robe              |    10 |       |       ||    10
         Leather armour    |    17 |    36 |    38 ||    91
  Dodge: Dodged            |    42 |    68 |    59 ||   169

Table legend: (Time is in decaauts)
 A = Elapsed time spent in this place.
 B = Non-inter-level travel time spent in this place.
 C = Inter-level travel time spent in this place.
 D = Time resting spent in this place.
 E = Time spent auto-exploring this place.
 F = Levels seen in this place.
 G = Mean time per level.
                   A        B        C        D        E       F      G
               +--------+--------+--------+--------+--------+-----+--------+
         Total |   6184 |   5729 |    455 |    131 |   4671 |   9 |  687.1 |
       Dungeon |   5881 |   5426 |    455 |    131 |   4439 |   8 |  735.1 |
         Sewer |    302 |    302 |      0 |      0 |    231 |   1 |  302.0 |
               +--------+--------+--------+--------+--------+-----+--------+

Top non-repeatable levels by time:
     D:6: 1133 daAuts
     D:1: 962 daAuts
     D:4: 865 daAuts
     D:2: 761 daAuts
     D:5: 705 daAuts
     D:7: 704 daAuts
     D:3: 627 daAuts
   Sewer: 302 daAuts
     D:8: 121 daAuts
